[Event "Titled Tuesday Blitz May 2 Early 2023"]
[White "Hoffmann, Asa"]
[Black "Lamaze, Simon"]
[WhiteFideId "2001470"]
[BlackFideId "36069264"]
[WhiteElo "2117"]
[BlackElo "2272"]
[Result "0-1"]
[Round "01"]
[TimeControl "180+2"]
[Date "2023.05.02"]
[WhiteClock "0:00:00"]
[BlackClock "0:00:00"]

1. d4 Nf6 2. Bg5 Ne4 3. Bf4 c5 4. f3 Nf6 5. dxc5 Nc6 6. Nc3 Qa5 7. e4 e5 8. Be3 Bxc5 9. Bxc5 Qxc5 10. Qd2 O-O 11. O-O-O a6 12. Nge2 b5 13. Kb1 Bb7 14. Nc1 Qb6 15. Nb3 Rfd8 16. Qd6 Ne8 17. Nd5 Qa7 18. Ne7+ Nxe7 19. Qxe7 d6 20. Be2 Bc6 21. Qxa7 Rxa7 22. Rd2 Kf8 23. Rhd1 Ke7 24. a3 a5 25. c3 Rb8 26. Nc1 Rb6 27. Nd3 g5 28. b4 Bd7 29. Kb2 Be6 30. Nc1 Nc7 31. g3 h5 32. f4 exf4 33. gxf4 gxf4 34. Nd3 axb4 35. cxb4 Rba6 36. Ra1 Na8 37. Nxf4 Rb6 38. Nxh5 Rb8 39. Nf4 Nb6 40. h4 Na4+ 41. Kc2 Rc7+ 42. Kd1 Rg8 43. Ke1 Bc4 44. Kf2 Nc3 45. Rc1 Nxe4+ 46. Ke3 Nxd2 47. Kxd2 Kd7 48. h5 Bxe2 49. Rxc7+ Kxc7 50. Kxe2 Rg4 51. Kf3 f5 52. h6 Rh4 53. Nd5+ Kd7 54. h7 Ke6 55. Nc3 Rxh7 56. Nxb5 Ke5 57. a4 Rh3+ 58. Ke2 Rh4 59. a5 Rxb4 60. Nc3 Rb3 61. Kd3 Ra3 62. Kc4 Rxa5 0-1


[Site "https://www.chess.com"]

[Event "Titled Tuesday Blitz May 2 Early 2023"]
[White "Sammed Jaykumar, Shete"]
[Black "Donskov, Anatoly"]
[WhiteFideId "5073421"]
[BlackFideId "24143413"]
[WhiteElo "2278"]
[BlackElo "2247"]
[Result "1-0"]
[Round "01"]
[TimeControl "180+2"]
[Date "2023.05.02"]
[WhiteClock "0:00:00"]
[BlackClock "0:00:00"]

1. e4 c5 2. Nf3 e6 3. d4 cxd4 4. Nxd4 Nf6 5. Nc3 Nc6 6. f4 Bb4 7. Nxc6 bxc6 8. Bd3 d5 9. e5 d4 10. a3 Qa5 11. axb4 Qxa1 12. exf6 dxc3 13. fxg7 Rg8 14. b3 Rxg7 15. O-O Ba6 16. Qe2 Bxd3 17. Qxd3 Rd8 18. Qc4 Rd6 19. f5 Qa2 20. Qxc3 Rg8 21. Bf4 Rd7 22. Ra1 1-0


[Site "https://www.chess.com"]

[Event "Titled Tuesday Blitz May 2 Early 2023"]
[White "Novikova, Galina"]
[Black "Bolourchifard, Farzad"]
[WhiteFideId "4157095"]
[BlackFideId "12510084"]
[WhiteElo "1953"]
[BlackElo "2317"]
[Result "1/2-1/2"]
[Round "01"]
[TimeControl "180+2"]
[Date "2023.05.02"]
[WhiteClock "0:00:00"]
[BlackClock "0:00:00"]

1. e4 e5 2. Nf3 Nc6 3. Bc4 Bc5 4. b4 Bxb4 5. c3 Ba5 6. d4 exd4 7. O-O Nge7 8. Ng5 d5 9. exd5 Ne5 10. Qxd4 Nxc4 11. Qxg7 Rg8 12. Qxf7+ Kd7 13. Qe6+ Ke8 14. Qf7+ Kd7 15. Qe6+ Ke8 16. Qf7+ Kd7 1/2-1/2


[Site "https://www.chess.com"]

[Event "Titled Tuesday Blitz May 2 Early 2023"]
[White "Martinez Ramirez, Lennis"]
[Black "Gutkin, Ilya"]
[WhiteFideId "3509079"]
[BlackFideId "16203470"]
[WhiteElo "2410"]
[BlackElo "2265"]
[Result "1-0"]
[Round "01"]
[TimeControl "180+2"]
[Date "2023.05.02"]
[WhiteClock "0:00:00"]
[BlackClock "0:00:00"]

1. c4 c5 2. Nf3 g6 3. Nc3 Bg7 4. a3 Nc6 5. Rb1 b6 6. b4 d6 7. b5 Na5 8. e4 Bb7 9. Bb2 e6 10. d3 Ne7 11. Be2 O-O 12. O-O d5 13. Qc2 d4 14. Nd1 f5 15. Nd2 Bh6 16. Bc1 Qc7 17. g3 Rae8 18. f4 e5 19. fxe5 fxe4 20. Nxe4 Bxe4 21. Bxh6 Rxf1+ 22. Bxf1 Bf5 23. Qe2 Nc8 24. Bf4 Nxc4 25. g4 Nxa3 26. Qa2+ Be6 27. Qxa3 Rf8 28. Bg3 Bxg4 29. Nf2 Be6 30. Ne4 Ne7 31. Nf6+ Kg7 32. Bg2 Nf5 33. Ra1 Nxg3 34. Qxa7 Ne2+ 35. Kf2 Rf7 36. Qxc7 Rxc7 37. Kxe2 Bf5 38. Nd5 Rd7 39. Nxb6 Re7 40. Nc4 Be6 41. b6 Bxc4 42. dxc4 Rxe5+ 43. Kd2 Re3 44. Rb1 Re8 45. b7 Rb8 1-0


[Site "https://www.chess.com"]

[Event "Titled Tuesday Blitz May 2 Early 2023"]
[White "Petrova, Irina"]
[Black "Kucuksari, Kaan"]
[WhiteFideId "14124122"]
[BlackFideId "6380166"]
[WhiteElo "2084"]
[BlackElo "2364"]
[Result "1-0"]
[Round "01"]
[TimeControl "180+2"]
[Date "2023.05.02"]
[WhiteClock "0:00:00"]
[BlackClock "0:00:00"]

1. e4 e5 2. Nf3 Nc6 3. Bb5 a6 4. Ba4 Nf6 5. Bxc6 dxc6 6. d3 Bg4 7. Nbd2 Bb4 8. O-O O-O 9. Nc4 Bd6 10. Ne3 Bh5 11. Nf5 c5 12. Ng3 Bg6 13. b3 Nd7 14. Bb2 f6 15. Nh4 Bf7 16. Qg4 Kh8 17. Nhf5 Rg8 18. Rae1 Nf8 19. Bc1 Ne6 20. Nxd6 cxd6 21. f4 b5 22. Nf5 Nd4 23. Nxd4 cxd4 24. Rf3 Qc8 25. Qh4 Qxc2 26. Rh3 h5 27. Qxh5+ Bxh5 28. Rxh5# 1-0


[Site "https://www.chess.com"]

[Event "Titled Tuesday Blitz May 2 Early 2023"]
[White "Colas, Joshua"]
[Black "Rom, Jasper"]
[WhiteFideId "2044447"]
[BlackFideId "2023733"]
[WhiteElo "2347"]
[BlackElo "2233"]
[Result "1-0"]
[Round "01"]
[TimeControl "180+2"]
[Date "2023.05.02"]
[WhiteClock "0:00:00"]
[BlackClock "0:00:00"]

1. d4 d5 2. Nf3 e6 3. c4 c6 4. g3 Nf6 5. Bg2 Nbd7 6. O-O Be7 7. b3 O-O 8. Nc3 b6 9. Nd2 Bb7 10. e4 dxe4 11. Ndxe4 Nxe4 12. Nxe4 Nf6 13. Bb2 Qc7 14. Qe2 Rfd8 15. Rad1 a5 16. Nc3 Bb4 17. a3 Bd6 18. f4 Bf8 19. f5 Re8 20. fxe6 Rxe6 21. Qc2 Rae8 22. d5 cxd5 23. Nb5 Qc8 24. Bxf6 Rxf6 25. Rxf6 gxf6 26. Bxd5 Qc5+ 27. Qf2 Bxd5 28. Rxd5 Re1+ 29. Kg2 Qxf2+ 30. Kxf2 Rb1 31. Rd3 Bc5+ 32. Kf3 Rb2 33. h4 Kg7 34. Kg4 Rg2 35. h5 h6 36. a4 Rf2 37. Rf3 Rd2 38. Nc7 Rd4+ 39. Kh3 Rd1 40. Ne8+ Kf8 41. Nxf6 Rh1+ 42. Kg4 Rg1 43. Nd7+ Ke7 44. Nxc5 bxc5 45. Rf5 Rb1 46. Rxc5 Rxb3 47. Rxa5 Rb4 48. Kf5 Rxc4 49. Ra7+ Kf8 50. a5 Kg7 51. a6 Ra4 52. Ra8 Ra1 53. Ke5 Re1+ 54. Kd5 Ra1 55. Kc6 Ra2 56. Kb6 Rb2+ 57. Ka7 Rb3 58. Rb8 Rxg3 59. Rb6 Rh3 60. Rb5 Re3 61. Kb6 Re6+ 62. Ka5 Re1 63. a7 Ra1+ 64. Kb6 Kf6 65. Ra5 Rb1+ 66. Ka6 Re1 67. a8=Q Re6+ 68. Kb5 Re5+ 69. Kc4 Re4+ 70. Qxe4 1-0


[Site "https://www.chess.com"]

[Event "Titled Tuesday Blitz May 2 Early 2023"]
[White "Dwilewicz, Katarzyna"]
[Black "Aaditya Dhingra"]
[WhiteFideId "1148486"]
[BlackFideId "25678191"]
[WhiteElo "2065"]
[BlackElo "2083"]
[Result "0-1"]
[Round "01"]
[TimeControl "180+2"]
[Date "2023.05.02"]
[WhiteClock "0:00:00"]
[BlackClock "0:00:00"]

1. e4 c6 2. d4 d5 3. e5 Bf5 4. Nf3 e6 5. Be2 Nd7 6. O-O Ne7 7. a4 Nc8 8. a5 a6 9. Re1 Na7 10. Nbd2 c5 11. c4 dxc4 12. Nxc4 Nb5 13. d5 exd5 14. Qxd5 Be7 15. Nd6+ Bxd6 16. exd6 Be6 17. Bxb5 axb5 18. Qxb7 O-O 19. Qxb5 Qb8 20. Qxb8 Rfxb8 21. Re2 Ra6 22. Bf4 h6 23. Rc2 Rba8 24. Nd2 Rxa5 25. Rxa5 Rxa5 26. f3 f5 27. h4 Ra4 28. g3 Kf7 29. Kf2 Bd5 30. Nf1 Kf6 31. Ne3 Be6 32. Nd1 Rd4 33. Rd2 Bb3 34. Nc3 Rxd2+ 35. Bxd2 Ke6 36. Bf4 Nb6 37. Nb5 Ba4 38. Nc7+ Kd7 39. Na6 Kc6 40. Ke3 Nc4+ 41. Ke2 Nxd6 42. Nb8+ Kd5 43. Nd7 Bxd7 44. Kd3 Bb5+ 45. Kc3 Be2 46. h5 Bxf3 47. Kd3 Bxh5 48. Ke3 Bf7 49. b3 g5 0-1


[Site "https://www.chess.com"]

[Event "Titled Tuesday Blitz May 2 Early 2023"]
[White "Goldin, Alexander"]
[Black "Matveeva, Olga"]
[WhiteFideId "2019540"]
[BlackFideId "24107018"]
[WhiteElo "2542"]
[BlackElo "2056"]
[Result "1-0"]
[Round "01"]
[TimeControl "180+2"]
[Date "2023.05.02"]
[WhiteClock "0:00:00"]
[BlackClock "0:00:00"]

1. Nf3 d5 2. d4 Nf6 3. c4 e6 4. Nc3 Be7 5. Bg5 Nbd7 6. e3 h6 7. Bh4 O-O 8. Rc1 c5 9. cxd5 Nxd5 10. Bxe7 Nxe7 11. Be2 b6 12. dxc5 Nxc5 13. b4 Nd7 14. O-O Bb7 15. Qb3 Nd5 16. Nb5 Qe7 17. a3 a6 18. Nbd4 Rfc8 19. Rfd1 b5 20. Ne1 N7b6 21. Nd3 Na4 22. Bf3 Ndc3 23. Rd2 Bxf3 24. Nxf3 Ne4 25. Rdc2 Qb7 26. Nd4 Rxc2 27. Qxc2 Rd8 28. Ne5 Nec3 29. Nec6 Rc8 30. Na5 Qd5 31. Qb3 Qd7 32. Re1 Ne4 33. h3 Nd2 34. Qd3 Nc4 35. Nab3 Qb7 36. Na5 Qd7 37. f4 Nxa5 38. bxa5 Nb2 39. Qe4 Nc4 40. Rd1 Rd8 41. Rd3 Qd5 42. Qxd5 Rxd5 43. e4 Rc5 44. Kf2 Kf8 45. Nb3 Rc7 46. Rc3 Ke7 47. Ke2 Rd7 48. Rc2 Rd8 49. Nc5 Nxa3 50. Ra2 Nc4 51. Nxa6 Ra8 52. Nb4 Rxa5 53. Nc6+ Kd6 54. Nxa5 1-0


[Site "https://www.chess.com"]

[Event "Titled Tuesday Blitz May 2 Early 2023"]
[White "Su, Dion"]
[Black "Florescu, Codrut-Constantin"]
[WhiteFideId "2029731"]
[BlackFideId "1202200"]
[WhiteElo "1922"]
[BlackElo "2191"]
[Result "0-1"]
[Round "01"]
[TimeControl "180+2"]
[Date "2023.05.02"]
[WhiteClock "0:00:00"]
[BlackClock "0:00:00"]

1. e4 c5 2. Nf3 e6 3. c3 Nf6 4. e5 Nd5 5. d4 cxd4 6. cxd4 d6 7. Nc3 Nxc3 8. bxc3 Qc7 9. Bd2 Nd7 10. Bd3 dxe5 11. O-O Bd6 12. Re1 b6 13. Ng5 Bb7 14. Qb3 Nf6 15. dxe5 Bxe5 16. Qb5+ Nd7 17. h3 Bc6 18. Qb3 O-O 19. Bxh7+ Kh8 20. Be4 Nc5 21. Qc2 Nxe4 22. Nxe4 g6 23. Bh6 Rfd8 24. Qe2 Rd5 25. Qf3 Kg8 26. Rac1 Rad8 27. Nf6+ Kh8 28. Nxd5 Bxd5 29. Qe2 Bf6 30. c4 Bc6 31. Qe4 Bxe4 32. Rxe4 Qc6 33. Rce1 Rd1 34. Rxd1 Qxe4 35. Be3 Qxc4 36. Rd7 Kg7 37. Rxa7 Bd4 38. Bf4 e5 39. Bg5 b5 40. Re7 Qxa2 41. h4 Qxf2+ 42. Kh2 Qg1+ 43. Kg3 Bf2+ 44. Kf3 Bd4 0-1


[Site "https://www.chess.com"]

[Event "Titled Tuesday Blitz May 2 Early 2023"]
[White "Seder, Mohammed"]
[Black "Prohaszka, Peter"]
[WhiteFideId "11505567"]
[BlackFideId "726265"]
[WhiteElo "1862"]
[BlackElo "2626"]
[Result "0-1"]
[Round "01"]
[TimeControl "180+2"]
[Date "2023.05.02"]
[WhiteClock "0:00:00"]
[BlackClock "0:00:00"]

1. e4 c6 2. Nf3 d5 3. Nc3 dxe4 4. Nxe4 Nf6 5. Qe2 Nxe4 6. Qxe4 Qa5 7. b4 Qf5 8. Qe3 Qxc2 9. Bd3 Qa4 10. a3 Nd7 11. O-O Qb3 12. Ng5 Ne5 13. Qxe5 Qxd3 14. Ne4 f6 15. Qf4 Qd4 16. Rb1 f5 17. Re1 fxe4 18. Bb2 Qd6 19. Be5 Qg6 20. Rxe4 Bf5 21. Rbe1 Bxe4 22. Rxe4 e6 23. Bd6 Bxd6 24. Qxd6 Qxe4 0-1


[Site "https://www.chess.com"]

[Event "Titled Tuesday Blitz May 2 Early 2023"]
[White "Tarasova, Viktoriya"]
[Black "Dimitrov, Atanas"]
[WhiteFideId "4175840"]
[BlackFideId "2901315"]
[WhiteElo "2182"]
[BlackElo "2269"]
[Result "1-0"]
[Round "01"]
[TimeControl "180+2"]
[Date "2023.05.02"]
[WhiteClock "0:00:00"]
[BlackClock "0:00:00"]

1. d4 Nf6 2. c4 g6 3. Nc3 d5 4. cxd5 Nxd5 5. g3 Bg7 6. Bg2 Nxc3 7. bxc3 O-O 8. e3 c5 9. Ne2 cxd4 10. cxd4 Nc6 11. O-O Be6 12. Bd2 Bc4 13. Re1 Rc8 14. a3 e5 15. dxe5 Bxe5 16. Rb1 b5 17. Nf4 Qb6 18. Nd5 Qc5 19. Bb4 Nxb4 20. axb4 Qd6 21. f4 Bg7 22. e4 Rfd8 23. Qf3 Bxd5 24. exd5 Rc3 25. Qe2 Qb6+ 26. Kh1 h5 27. Rbc1 Qd4 28. Rxc3 Qxc3 29. Rb1 a6 30. Bf3 Qd4 31. Qe4 Qc3 32. Kg2 Bf6 33. Rd1 Qc7 34. Kh1 Kg7 35. Re1 Qc3 36. Kg2 Rd6 37. Kh1 Qd2 38. Rd1 Qf2 39. Bg2 Rd7 40. d6 Qb2 41. Qc6 Rd8 42. Qc5 Bc3 43. f5 Qxb4 44. Qd5 Qc4 45. Qxc4 bxc4 46. fxg6 fxg6 47. d7 Bf6 48. Bc6 c3 49. Rc1 a5 50. Kg2 Kf7 51. Kf3 Ke7 52. Ke4 Kd6 53. Ba4 Kc5 54. Kd3 Kb4 55. Bc6 Kc5 56. Ba4 Rb8 57. Rf1 Be7 58. Rf7 Kd6 59. Kc2 Ke6 60. Rg7 Kf6 61. Rh7 Bb4 62. Bb3 Rd8 63. Rf7+ Ke5 64. Rg7 Kf6 65. Rf7+ Kg5 66. Rg7 Kh6 67. Rf7 g5 68. Rf6+ Kg7 69. Rf7+ Kg6 70. Rf1 h4 71. Be6 hxg3 72. Bf5+ Kg7 73. hxg3 Rh8 74. g4 Kf6 75. Kb3 Ke7 76. Re1+ Kd8 77. Rd1 Rh2 78. Rc1 Rb2+ 79. Kc4 a4 80. Rh1 Rd2 81. Rh8+ Kc7 82. Rc8+ Kb7 83. d8=Q Rxd8 84. Rxd8 a3 85. Kb3 a2 86. Kxa2 1-0


[Site "https://www.chess.com"]

[Event "Titled Tuesday Blitz May 2 Early 2023"]
[White "Dronavalli, Harika"]
[Black "Khromkin, Andrey"]
[WhiteFideId "5015197"]
[BlackFideId "4154126"]
[WhiteElo "2432"]
[BlackElo "2191"]
[Result "0-1"]
[Round "01"]
[TimeControl "180+2"]
[Date "2023.05.02"]
[WhiteClock "0:00:00"]
[BlackClock "0:00:00"]

1. Nf3 c5 2. c4 Nc6 3. d4 cxd4 4. Nxd4 g6 5. e4 Bg7 6. Be3 Nf6 7. Nc3 Ng4 8. Qxg4 Nxd4 9. Qd1 Ne6 10. Qd2 Qa5 11. Rc1 b6 12. Be2 Bb7 13. f3 f5 14. exf5 gxf5 15. a3 Rg8 16. O-O f4 17. Bxf4 Bd4+ 18. Kh1 Qh5 19. Nd5 Bxd5 20. cxd5 Nxf4 21. Qxf4 Be5 22. g4 Bxf4 23. gxh5 Bxc1 24. Rxc1 Kd8 25. Bd3 Rg5 26. Bxh7 Rxh5 27. Be4 Rc8 28. Rg1 Kc7 29. Rg2 Kd6 30. Rg6+ e6 31. dxe6 dxe6 32. Rg7 Rch8 33. Rg2 Ke5 34. b4 Kf4 35. Kg1 Rg5 36. Rxg5 Kxg5 37. b5 Kf4 38. Kg2 Rh5 39. a4 Rc5 40. h4 Rc4 41. h5 Kg5 42. Kg3 Rxa4 43. Bg6 a6 44. bxa6 Rxa6 45. Be8 Ra3 46. Bd7 e5 47. Bc6 Kxh5 0-1


[Site "https://www.chess.com"]

[Event "Titled Tuesday Blitz May 2 Early 2023"]
[White "Shtompel, Yuriy"]
[Black "Nasir, Zehn"]
[WhiteFideId "14168278"]
[BlackFideId "2613239"]
[WhiteElo "1844"]
[BlackElo "1993"]
[Result "0-1"]
[Round "01"]
[TimeControl "180+2"]
[Date "2023.05.02"]
[WhiteClock "0:00:00"]
[BlackClock "0:00:00"]

1. Nf3 d5 2. g3 f5 3. Bg2 Nf6 4. O-O e6 5. d4 Be7 6. Bg5 O-O 7. Bxf6 Bxf6 8. c3 Bd7 9. Nbd2 Be8 10. Ne1 c5 11. dxc5 Qc7 12. Nd3 Na6 13. Nb3 Ba4 14. Nf4 Bd7 15. Nd3 Rfe8 16. Qd2 Ba4 17. Nd4 Rad8 18. b4 g6 19. f4 Kg7 20. Rac1 Bb5 21. Nf3 b6 22. cxb6 Qxb6+ 23. Kh1 Rc8 24. Nde5 Rc7 25. Nd4 Nb8 26. Rf3 Nd7 27. Nxd7 Rxd7 28. Re3 Rc7 29. h4 Bd7 30. Qd1 Rec8 31. Rd3 a5 32. bxa5 Qxa5 33. c4 dxc4 34. Re3 Qb6 35. Nc2 Ba4 36. Qg1 Bxc2 37. Rxc2 Bd4 0-1


[Site "https://www.chess.com"]

[Event "Titled Tuesday Blitz May 2 Early 2023"]
[White "Rakotomaharo, Fy Antenaina"]
[Black "Panico, Nick"]
[WhiteFideId "13100050"]
[BlackFideId "2026724"]
[WhiteElo "2427"]
[BlackElo "1982"]
[Result "1-0"]
[Round "01"]
[TimeControl "180+2"]
[Date "2023.05.02"]
[WhiteClock "0:00:01"]
[BlackClock "0:00:00"]

1. Nf3 f5 2. d3 d6 3. e4 e5 4. Nc3 Nc6 5. d4 exd4 6. Nxd4 Nxd4 7. Qxd4 Nf6 8. Bc4 Qe7 9. Bg5 c6 10. O-O-O Qe5 11. Qxe5+ dxe5 12. exf5 Bxf5 13. Rhe1 h6 14. Rxe5+ Be7 15. Bxf6 gxf6 16. Rxf5 Kf8 17. Rd7 Rd8 18. Rxb7 Bb4 19. Rxb4 c5 20. Rb7 Ke8 21. Bb5+ Kf8 22. Rxf6+ 1-0


[Site "https://www.chess.com"]

[Event "Titled Tuesday Blitz May 2 Early 2023"]
[White "Todorovic, Bojan"]
[Black "Kim, Sergey"]
[WhiteFideId "917087"]
[BlackFideId "13700570"]
[WhiteElo "2266"]
[BlackElo "2295"]
[Result "0-1"]
[Round "01"]
[TimeControl "180+2"]
[Date "2023.05.02"]
[WhiteClock "0:00:00"]
[BlackClock "0:00:00"]

1. d4 Nf6 2. c4 g6 3. Nc3 Bg7 4. e4 d6 5. Nge2 O-O 6. Ng3 e5 7. d5 c6 8. Be2 cxd5 9. cxd5 a6 10. O-O b5 11. Be3 b4 12. Na4 Nbd7 13. Rc1 Rb8 14. Rc6 Ne8 15. Bxa6 Bxa6 16. Rxa6 f5 17. exf5 gxf5 18. f4 exf4 19. Bxf4 Ne5 20. Ra7 Nc7 21. Bxe5 Bxe5 22. Nxf5 Qg5 23. g4 Rxf5 24. Rxc7 Rxf1+ 25. Qxf1 Rf8 26. Qe2 Bd4+ 27. Kh1 Qxd5+ 0-1


[Site "https://www.chess.com"]

[Event "Titled Tuesday Blitz May 2 Early 2023"]
[White "Djokic, Mihailo"]
[Black "Bayasgalan, Khishigbaatar"]
[WhiteFideId "976440"]
[BlackFideId "4904311"]
[WhiteElo "2294"]
[BlackElo "2057"]
[Result "1-0"]
[Round "01"]
[TimeControl "180+2"]
[Date "2023.05.02"]
[WhiteClock "0:00:00"]
[BlackClock "0:00:00"]

1. e4 c5 2. Nf3 d6 3. d4 cxd4 4. Nxd4 Nf6 5. Nc3 g6 6. Be3 Bg7 7. f3 O-O 8. Qd2 Nc6 9. O-O-O d5 10. Qe1 e5 11. Nxc6 bxc6 12. exd5 Nxd5 13. Bc4 Be6 14. Ne4 Qb8 15. Bc5 Re8 16. Qa5 Nf4 17. Bd6 Qb6 18. Qxb6 axb6 19. Bxe6 Nxe6 20. Kb1 f5 21. Nf2 Nf4 22. g3 Nd5 23. Rhe1 Re6 24. Ba3 Rae8 25. c4 Nc7 26. Rd7 Na6 27. Rb7 c5 28. Rd1 e4 29. fxe4 fxe4 30. Rdd7 Bd4 31. Ng4 g5 32. Rd5 Rg6 33. Ra7 Nb8 34. Ra8 e3 35. Nxe3 Bxe3 36. b4 Rc6 37. b5 Rce6 38. Bb2 h6 39. a4 Bg1 40. Rd2 Re1+ 41. Kc2 R1e6 42. Bc3 Bd4 43. Bxd4 cxd4 44. Rxd4 Re2+ 45. Rd2 R2e4 46. Kb3 Rc8 47. Rc2 Re3+ 48. Kb2 Re4 49. a5 bxa5 50. b6 Ree8 51. c5 Nc6 52. Rxc8 Rxc8 53. Ka3 Nd4 54. Rc4 Ne6 55. c6 Nd8 56. b7 Rxc6 57. b8=Q Rxc4 58. Qxd8+ Kg7 59. Qe7+ Kg8 60. Qe6+ Kg7 61. Qxc4 Kg6 62. Qe6+ Kh5 63. h3 a4 64. g4+ Kh4 65. Qxh6+ Kg3 66. Qxg5 Kxh3 67. Kxa4 Kg3 68. Qf5 Kg2 69. g5 1-0


[Site "https://www.chess.com"]

[Event "Titled Tuesday Blitz May 2 Early 2023"]
[White "Rodriguez Santiago, Jaime"]
[Black "Filgueira, Hernan"]
[WhiteFideId "3100898"]
[BlackFideId "101770"]
[WhiteElo "2025"]
[BlackElo "2363"]
[Result "0-1"]
[Round "01"]
[TimeControl "180+2"]
[Date "2023.05.02"]
[WhiteClock "0:00:00"]
[BlackClock "0:00:00"]

1. c4 e5 2. Nc3 Nf6 3. g3 h6 4. Bg2 Bb4 5. Nd5 Be7 6. e3 c6 7. Nxf6+ Bxf6 8. e4 O-O 9. Ne2 Na6 10. O-O d6 11. d3 Nc5 12. b4 Ne6 13. Be3 a6 14. a4 a5 15. b5 Nc5 16. Rb1 Bg4 17. f3 Be6 18. Bxc5 dxc5 19. bxc6 bxc6 20. Qc2 Qc7 21. Nc3 Rab8 22. Qf2 Be7 23. f4 f6 24. f5 Bf7 25. g4 Rfd8 26. Qe3 Qd6 27. Rxb8 Rxb8 28. Nd1 Qd4 29. h4 Rb4 30. Qxd4 cxd4 31. Rf2 Rxa4 32. Kh2 Rb4 33. Ra2 Bd8 34. Nb2 Be8 35. Bf1 c5 36. Be2 Kf8 37. Bd1 Ke7 38. Bc2 Kd6 39. Kg2 Bd7 40. Kf2 Bc7 41. Ke2 Rb8 42. Kd2 Rh8 43. Nd1 h5 44. g5 fxg5 45. hxg5 Bd8 46. g6 h4 47. Ke2 h3 48. Nf2 h2 49. Nh1 Rh3 50. Kf2 Re3 51. Bd1 Bh4+ 52. Kg2 Re1 53. Bf3 a4 54. Kxh2 Rb1 55. Kh3 Bg5 56. Ng3 Ke7 57. Nh5 Bf6 58. Kg2 Rb3 59. Nxf6 Kxf6 60. Be2 a3 61. Kf3 Kg5 62. Kf2 Kf6 63. Ke1 Ba4 64. Bd1 Rb1 65. Rd2 Bxd1 66. Rxd1 Rxd1+ 67. Kxd1 a2 68. Kc2 a1=Q 0-1


[Site "https://www.chess.com"]

[Event "Titled Tuesday Blitz May 2 Early 2023"]
[White "Veiga, Jose Francisco R P Neves"]
[Black "Buscar, Michael"]
[WhiteFideId "1930087"]
[BlackFideId "2603616"]
[WhiteElo "2320"]
[BlackElo "2010"]
[Result "1-0"]
[Round "01"]
[TimeControl "180+2"]
[Date "2023.05.02"]
[WhiteClock "0:00:00"]
[BlackClock "0:00:00"]

1. e4 c5 2. Nf3 Nc6 3. Bb5 Nf6 4. Nc3 g6 5. O-O Bg7 6. e5 Ng4 7. Bxc6 dxc6 8. Re1 Nh6 9. d3 Nf5 10. Ne4 b6 11. Nf6+ exf6 12. exf6+ Kf8 13. fxg7+ Kxg7 14. Bd2 Re8 15. Bc3+ Kg8 16. Qd2 Be6 17. Ne5 Bd5 18. Ng4 Rxe1+ 19. Rxe1 Qh4 20. Qf4 Kf8 21. Bf6 Qh5 22. Ne5 Nd4 23. Nd7+ Kg8 24. Bxd4 cxd4 25. Nf6+ 1-0


[Site "https://www.chess.com"]

[Event "Titled Tuesday Blitz May 2 Early 2023"]
[White "Manon-og, Ramon Jr."]
[Black "Arkell, Keith C"]
[WhiteFideId "5200776"]
[BlackFideId "400270"]
[WhiteElo "1999"]
[BlackElo "2319"]
[Result "0-1"]
[Round "01"]
[TimeControl "180+2"]
[Date "2023.05.02"]
[WhiteClock "0:00:00"]
[BlackClock "0:00:00"]

1. e4 c6 2. d4 d5 3. e5 c5 4. dxc5 Nc6 5. f4 e6 6. Be3 d4 7. Bf2 Bxc5 8. Nf3 Nge7 9. Bd3 Nd5 10. Qe2 Nxf4 11. Qe4 Nxd3+ 12. cxd3 O-O 13. O-O Qd5 14. Qf4 f6 15. Nbd2 fxe5 16. Qh4 Be7 17. Qh3 Nb4 18. Ne4 Nxd3 19. Nfg5 h6 20. Qxd3 Bxg5 21. Nxg5 hxg5 22. Rac1 Bd7 23. Rc7 Bc6 24. Qg3 Rf5 25. h4 Qd6 26. Rxc6 bxc6 27. hxg5 g6 28. Re1 Raf8 29. Re2 R8f7 30. Qh4 Rh7 31. Qg3 Rf4 32. Qd3 Kf7 33. Bg3 Rf5 34. Qa6 Qd7 35. Bxe5 d3 36. Rd2 Rxe5 37. Rxd3 Rd5 38. Rf3+ Kg7 39. Qc4 Rd1+ 40. Kf2 Qd4+ 0-1


[Site "https://www.chess.com"]

[Event "Titled Tuesday Blitz May 2 Early 2023"]
[White "Borgaonkar Akshay"]
[Black "Prudnykova, Olga"]
[WhiteFideId "25639110"]
[BlackFideId "14121093"]
[WhiteElo "2063"]
[BlackElo "2113"]
[Result "1-0"]
[Round "01"]
[TimeControl "180+2"]
[Date "2023.05.02"]
[WhiteClock "0:00:00"]
[BlackClock "0:00:00"]

1. d4 Nf6 2. Nc3 d5 3. Bf4 g6 4. e3 c5 5. h4 h5 6. Nf3 Bg7 7. Ne5 cxd4 8. exd4 O-O 9. Be2 Nc6 10. Qd2 Ne4 11. Nxe4 dxe4 12. Nxc6 bxc6 13. c3 Qb6 14. g4 hxg4 15. h5 c5 16. h6 Bf6 17. d5 Bf5 18. O-O-O Qa5 19. Bc4 Qa4 20. Bb3 Qa6 21. d6 Rfd8 22. h7+ Kh8 23. Bxf7 c4 24. a3 Qa4 25. Bg5 Rxd6 26. Bxf6+ Rxf6 27. Qd8+ Rxd8 28. Rxd8+ Kg7 29. h8=Q+ Kxf7 30. Qg8# 1-0


[Site "https://www.chess.com"]

[Event "Titled Tuesday Blitz May 2 Early 2023"]
[White "Bogaudinov, Rushan"]
[Black "Manukyan, Sargis A."]
[WhiteFideId "4129288"]
[BlackFideId "13303970"]
[WhiteElo "1967"]
[BlackElo "2187"]
[Result "1-0"]
[Round "01"]
[TimeControl "180+2"]
[Date "2023.05.02"]
[WhiteClock "0:00:00"]
[BlackClock "0:00:00"]

1. d4 d5 2. Nf3 Nf6 3. g3 e6 4. Bg2 Be7 5. O-O O-O 6. b3 b6 7. Bb2 Bb7 8. c4 Nbd7 9. cxd5 exd5 10. Nc3 Ne4 11. Rc1 c5 12. dxc5 Nxc3 13. Bxc3 Nxc5 14. Nd4 Bf6 15. e3 Ne4 16. Bb4 Re8 17. Qd3 a5 18. Be1 Ba6 19. Nb5 Qd7 20. a4 Nc5 21. Qb1 Bxb5 22. axb5 Qxb5 23. Bc3 Qxb3 24. Bxf6 gxf6 25. Qf5 Qb2 26. Rb1 Qe5 27. Qg4+ Qg5 28. Qxg5+ fxg5 29. Rxb6 Red8 30. Rb5 Ne6 31. Bxd5 Nc7 32. Bxa8 Nxb5 33. Bc6 Nc3 34. Ra1 Rd6 35. Bf3 a4 36. Ra3 Rd3 37. Kf1 f5 38. Be2 Rd2 39. Rxc3 Kg7 40. Ra3 Rb2 41. Rxa4 Rb6 42. Ra5 Rf6 43. Bd3 f4 44. Ra7+ Kg8 45. Bxh7+ Kh8 46. exf4 gxf4 47. Be4 fxg3 48. hxg3 Re6 49. f3 Rf6 50. Kf2 Re6 51. g4 Rf6 52. g5 Re6 53. Kg3 Re8 54. Kg4 Re5 55. Bf5 Rc5 56. f4 Rc4 57. Bg6 Rc6 58. f5 Rc4+ 59. Kf3 Rc3+ 60. Ke4 Rc6 61. f6 Rc8 62. Ke5 Rb8 63. Be4 Rb5+ 64. Kf4 Rb8 65. Rb7 Rc8 66. g6 Rd8 67. Ke5 Re8+ 68. Kf5 Rd8 69. g7+ Kh7 70. Kg5+ Kg8 71. Kg6 1-0


[Site "https://www.chess.com"]

[Event "Titled Tuesday Blitz May 2 Early 2023"]
[White "Souleidis, Georgios"]
[Black "Xie, Bryan"]
[WhiteFideId "4206827"]
[BlackFideId "30941296"]
[WhiteElo "2401"]
[BlackElo "2033"]
[Result "0-1"]
[Round "01"]
[TimeControl "180+2"]
[Date "2023.05.02"]
[WhiteClock "0:00:00"]
[BlackClock "0:00:00"]

1. e4 c5 2. Be2 Nc6 3. d3 g6 4. f4 Bg7 5. Nf3 e6 6. O-O Nge7 7. c3 O-O 8. Be3 d6 9. d4 cxd4 10. cxd4 f5 11. e5 Nd5 12. Qd2 dxe5 13. dxe5 b6 14. Nc3 Nce7 15. Bc4 Bb7 16. Rfd1 Qc8 17. Nxd5 Nxd5 18. Rac1 Qe8 19. Nd4 Rd8 20. Qf2 Qe7 21. Nb5 Bh6 22. Nd6 Rxd6 23. exd6 Qxd6 24. g3 Rc8 25. Bf1 Rxc1 26. Bxc1 Bg7 27. Bg2 Qb4 28. Qe1 Qd6 29. a3 Kf7 30. Bd2 Qc5+ 31. Kh1 Qc2 32. Rc1 Qxb2 33. h4 Qxa3 34. Kh2 Qd6 35. Rd1 a5 36. Qe2 a4 37. Qb5 Qc6 38. Qb1 a3 39. Qb3 Qd6 40. Be1 Bb2 41. Bf2 Qc6 42. Bg1 Qc7 43. Bf2 Qc3 44. Qb5 Qc2 45. Qd7+ Kf6 46. Rf1 Qe2 47. Qxb7 Ne3 48. Bxe3 Qxe3 0-1


[Site "https://www.chess.com"]